 Dungeon Crawl Stone Soup version 0.28-a0-895-g6e5f11bd55 (webtiles) character file.

Game seed: 15363338813805113632

12286 frimble the Slicer (level 11, 0/109 HPs)
             Began as a Troll Warper on Nov 23, 2021.
             Was an Initiate of Cheibriados.
             Slain by a six-headed hydra (3 damage)
             ... on level 11 of the Dungeon.
             The game lasted 00:18:11 (10232 turns).

frimble the Slicer (Troll Warper)                  Turns: 10232, Time: 00:18:11

Health: 0/109      AC:  8    Str: 22    XL:     11   Next: 60%
Magic:  9/11       EV:  9    Int: 13    God:    Cheibriados [......]
Gold:   462        SH:  9    Dex: 10    Spells: 10/12 levels left

rFire   . . .      SeeInvis .   b - +2 dagger (elec)
rCold   . . .      Faith    .   g - +0 kite shield
rNeg    . . .      Spirit   .   G - +0 troll leather armour
rPois   .          Reflect  .   (helmet restricted)
rElec   .          Harm     .   p - +1 cloak
rCorr   .          Rampage  .   (gloves unavailable)
Will    +....                   (boots unavailable)
Stlth   +.........              F - amulet of the acrobat
HPRegen 2.28/turn               z - ring of willpower
MPRegen 0.12/turn               (no ring)

@: on blink cooldown, very slow
A: large, unfitting armour, claws 3, regeneration 1, shaggy fur 1, tough skin 1
a: Renounce Religion


You were on level 11 of the Dungeon.
You worshipped Cheibriados.
Cheibriados was noncommittal.
You visited 2 branches of the dungeon, and saw 12 of its levels.

You collected 606 gold pieces.
You spent 144 gold pieces at shops.

Inventory:

Hand Weapons
 a - a +2 dagger of venom
 b - a +2 dagger of electrocution (weapon)
 i - a +0 short sword
Missiles
 d - 5 boomerangs of dispersal
 y - 8 boomerangs (quivered)
 D - 9 javelins
Armour
 g - a +0 kite shield (worn)
 p - a +1 cloak (worn)
 G - a +0 troll leather armour (worn)
Jewellery
 m - a ring of ice
 z - a ring of willpower (left claw)
 F - an amulet of the acrobat (around neck)
Wands
 s - a wand of paralysis (8)
 A - a wand of mindburst (4)
 H - a wand of flame (17)
Scrolls
 c - 3 scrolls of blinking
 h - 4 scrolls of teleportation
 k - a scroll of brand weapon
 n - 2 scrolls of enchant armour
 o - a scroll of immolation
 u - 2 scrolls of enchant weapon
Potions
 e - 6 potions of curing
 f - 3 potions of might
 l - 7 potions of brilliance {unknown}
 q - 2 potions of attraction
 r - 2 potions of mutation
 t - a potion of lignification
 v - 2 potions of haste
 w - 4 potions of heal wounds
 x - 2 potions of invisibility
 B - 4 potions of berserk rage
 C - a potion of magic {unknown}
 E - a potion of degeneration {unknown}


   Skills:
 + Level 7.0 Fighting
 - Level 10.0 Short Blades
 + Level 1.7 Throwing
 - Level 1.9 Dodging
 - Level 8.0 Shields
 - Level 1.2 Spellcasting
 + Level 4.0 Translocations
 - Level 4.2 Evocations


You had 10 spell levels left.
You knew the following spells:

 Your Spells              Type           Power      Damage    Failure   Level
a - Blink                 Tloc           22%        N/A       12%         2

Your spell library contained the following spells:

 Spells                   Type           Power      Damage    Failure   Level
 Gell's Gravitas          Tloc           11%        N/A       22%         3
 Lesser Beckoning         Tloc           11%        N/A       22%         3
 Teleport Other           Tloc           11%        N/A       22%         3
 Sting                    Tmut/Pois      0%         1d3       38%         1
 Summon Small Mammal      Summ           0%         N/A       38%         1
 Ensorcelled Hibernation  Hex/Ice        0%         N/A       52%         2
 Poisonous Vapours        Pois/Air       0%         N/A       52%         2
 Static Discharge         Conj/Air       0%         N/A       52%         2
 Passage of Golubria      Tloc           11%        N/A       58%         4
 Call Canine Familiar     Summ           0%         N/A       77%         3
 Frozen Ramparts          Ice            0%         1d2       77%         3
 Summon Guardian Golem    Hex/Summ       0%         N/A       77%         3
 Tukima's Dance           Hex            0%         N/A       77%         3
 Manifold Assault         Tloc           11%        N/A       91%         5
 Dispel Undead            Necr           0%         3d6       99%         4
 Ice Form                 Ice/Tmut       0%         N/A       99%         4
 Olgreb's Toxic Radiance  Pois           0%         N/A       99%         4
 Sticky Flame             Conj/Fire      0%         2d3       99%         4
 Summon Ice Beast         Ice/Summ       0%         N/A       99%         4
 Yara's Violent Unravell  Hex/Tmut       0%         3d3       100%        5


Dungeon Overview and Level Annotations

Branches:
Dungeon (11/15)            Temple (1/1) D:7            Lair (0/6) D:9
    Orc (0/2) D:9

Altars:
Ashenzari
Cheibriados
Dithmenos
Elyvilon
Fedhas
Gozag
Hepliaklqana
Kikubaaqudgha
Makhleb
Nemelex Xobeh
Okawaru
Qazlal
Ru
Sif Muna
Trog
Uskayaw
Vehumet
Wu Jian
Xom
Yredelemnul
Zin
The Shining One
Beogh

Shops:
D:3 *   D:5 *   D:6 (*!

Annotations:
D:5 exclusion: statue
D:10 1 runed translucent door, timneilson's ghost, novice DDFi


Innate Abilities, Weirdness & Mutations

You are too large for most types of armour.
You have claws for hands.
Your natural rate of healing is unusually fast.
You are covered in fur. (AC +1)
You have tough skin. (AC +1)


Message History

You hit something. Lightning courses through something!
You hit something but do no damage. Lightning courses through something!
Cheibriados appreciates the change of pace.
Reactivating autopickup.
You feel a bit more experienced.
Your Fighting skill increases to level 7!
Your Translocations skill increases to level 4!
You puncture the six-headed hydra!
The six-headed hydra is lightly wounded.
You hit the six-headed hydra.
The six-headed hydra is lightly wounded.
The six-headed hydra bites you! The six-headed hydra bites you.
You block the six-headed hydra's attack.
The six-headed hydra barely misses you. The six-headed hydra bites you! x2
You puncture the six-headed hydra!
The six-headed hydra is moderately wounded.
The six-headed hydra bites you! The six-headed hydra bites you.
You block the six-headed hydra's attack. x2
The six-headed hydra completely misses you.
The six-headed hydra bites you!
You hit the six-headed hydra.
Lightning courses through the six-headed hydra!
The six-headed hydra is heavily wounded.
Casting: Blink (safe; 12% risk of failure)
Confirm with . or Enter, or press ? or * to list all spells.
You blink.
The six-headed hydra bites you!
You block the six-headed hydra's attack. x2
The six-headed hydra bites you. x2; The six-headed hydra bites you!
You hit the six-headed hydra.
The six-headed hydra is heavily wounded.
The six-headed hydra bites you. The six-headed hydra bites you!
* * * LOW HITPOINT WARNING * * *
The six-headed hydra bites you!
* * * LOW HITPOINT WARNING * * *
The six-headed hydra bites you.
* * * LOW HITPOINT WARNING * * *
The six-headed hydra bites you!
* * * LOW HITPOINT WARNING * * *
The six-headed hydra bites you.
You die...

##### .... ####.####
#.. .......<. #.#
#.##.####
#.##########.##.###.
#§D@................
###..######..#.##.###.
#.........#..#.##.# ##
#.#..####.#..#.##.# #
#.#..# #....#.##.####
# #..# #....#........
#..# ##...#(##.###.
#..# ###.#.##.# #.
#..#######.#.##.# #.


You could see a six-headed hydra.

Vanquished Creatures
  3 two-headed ogres
  Joseph (D:9)
  2 kobold demonologists (D:9)
  An unseen horror (D:11)
  3 trolls
  A meliai zombie (D:10)
  4 wyverns
  2 vampires
  A basilisk (D:9)
  17 yaks
  Menkaure (D:4)
  6 water moccasins
  5 orc warriors
  A black bear (D:7)
  4 ice beasts
  2 sky beasts
  An ogre (D:4)
  3 centaurs
  4 kobold brigands
  4 bullfrogs
  4 scorpions
  A wyvern zombie (D:9)
  2 water moccasin zombies (D:5)
  A water moccasin skeleton (D:6)
  8 killer bees
  14 wights
  2 howler monkeys (D:9)
  A bullfrog zombie (D:5)
  2 centaur zombies
  2 jellies
  4 orc priests
  A centaur skeleton (D:7)
  Ijyb (D:5)
  5 orc wizards
  7 gnolls
  6 adders
  A shadow imp (D:4)
  2 white imps
  2 adder skeletons (D:4)
  2 worms (D:2)
  2 dart slugs (D:3)
  28 orcs
  11 ball pythons
  5 bats
  7 endoplasms
  A giant cockroach (D:1)
  4 goblins
  8 hobgoblins
  4 jackals (D:3)
  33 kobolds
  A frilled lizard (D:1)
  6 rats
244 creatures vanquished.

Vanquished Creatures (others)
  3 fungi
  20 plants
23 creatures vanquished.

Grand Total: 267 creatures vanquished

Notes
Turn   | Place    | Note
-------+----------+-------------------------------------------
     0 | D:1      | frimble the Troll Warper began the quest for the Orb.
     0 | D:1      | Reached XP level 1. HP: 19/19 MP: 1/1
    80 | D:1      | Reached XP level 2. HP: 28/28 MP: 2/2
   132 | D:1      | Reached skill level 2 in Short Blades
   580 | D:2      | Reached skill level 1 in Shields
   580 | D:2      | Reached XP level 3. HP: 13/35 MP: 3/3
  1349 | D:3      | Reached XP level 4. HP: 40/42 MP: 4/4
  1547 | D:3      | Noticed a shining eye
  1549 | D:3      | Found a faded altar of an unknown god.
  1551 | D:3      | Noticed a great orb of eyes
  1551 | D:3      | Noticed an eye of devastation
  1551 | D:3      | Noticed an eye of devastation
  1603 | D:3      | Found Zin's Purification Station.
  1606 | D:3      | Found a glowing silver altar of Zin.
  1684 | D:3      | Reached skill level 3 in Short Blades
  1857 | D:3      | Reached skill level 1 in Evocations
  1891 | D:3      | Reached XP level 5. HP: 47/49 MP: 5/5
  2237 | D:4      | Found a transporter.
  2239 | D:4      | You fall into a shaft and drop 1 floor!
  2239 | D:5      | Entered Level 5 of the Dungeon
  2243 | D:5      | Found a hazy altar of Hepliaklqana.
  2325 | D:5      | Noticed Ijyb
  2325 | D:5      | Noticed an ice beast
  2343 | D:5      | Killed Ijyb
  2376 | D:5      | Reached XP level 6. HP: 29/57 MP: 6/6
  2402 | D:5      | Learned a level 2 spell: Blink
  2421 | D:5      | Killed an ice beast
  2463 | D:5      | Noticed an ice beast
  2495 | D:5      | Killed an ice beast
  2583 | D:5      | Reached skill level 4 in Short Blades
  2731 | D:5      | Reached XP level 7. HP: 45/65 MP: 7/7
  2813 | D:5      | Found a radiant altar of Vehumet.
  2907 | D:5      | Found Siutiuhe's General Store.
  3239 | D:4      | Noticed Menkaure
  3249 | D:4      | Killed Menkaure
  3800 | D:4      | Found a transporter.
  3857 | D:4      | Reached XP level 8. HP: 58/72 MP: 8/8
  3968 | D:6      | Reached skill level 5 in Short Blades
  4018 | D:6      | Found Isevotucza's Distillery.
  4026 | D:6      | Bought a potion of curing for 36 gold pieces
  4026 | D:6      | Bought a potion of berserk rage for 60 gold pieces
  4026 | D:6      | Bought a potion of might for 48 gold pieces
  4185 | D:6      | Found Wubuxt's Antique Weapon Boutique.
  4308 | D:5      | Reached skill level 5 in Shields
  4485 | D:6      | Reached skill level 6 in Short Blades
  4677 | D:6      | Found Qyecidda's General Store.
  4729 | D:7      | Reached XP level 9. HP: 59/79 MP: 9/9
  4823 | D:7      | Found a staircase to the Ecumenical Temple.
  4834 | Temple   | Entered the Ecumenical Temple
  5744 | D:8      | Reached skill level 7 in Short Blades
  6355 | D:8      | Found a sacrificial altar of Ru.
  6357 | D:8      | Found an ancient bone altar of Kikubaaqudgha.
  6610 | D:8      | Found a shimmering altar of Xom.
  6946 | D:8      | Reached skill level 8 in Short Blades
  7031 | D:9      | Reached XP level 10. HP: 77/87 MP: 10/10
  7206 | D:9      | Found a staircase to the Lair.
  7361 | D:9      | Found a snail-covered altar of Cheibriados.
  7415 | D:9      | Found a staircase to the Orcish Mines.
  7561 | D:9      | Noticed a sun demon
  7563 | D:9      | Noticed an orange demon
  7582 | D:9      | Reached skill level 9 in Short Blades
  8200 | D:9      | Noticed Joseph
  8222 | D:9      | Killed Joseph
  8295 | D:9      | Found a basalt altar of Yredelemnul.
  8313 | D:9      | Reached skill level 5 in Fighting
  8473 | D:9      | Noticed a two-headed ogre
  8508 | D:9      | Killed a two-headed ogre
  8509 | D:9      | Reached XP level 11. HP: 70/103 MP: 11/11
  8576 | D:10     | Entered Level 10 of the Dungeon
  8669 | D:10     | Identified the +6 spear of the Magi {vorpal, rN+}
  8672 | D:10     | Found a runed translucent door.
  8673 | D:10     | Noticed timneilson's ghost (novice DDFi)
  8717 | D:10     | Noticed a two-headed ogre
  8781 | D:10     | Killed a two-headed ogre
  8782 | D:10     | Reached skill level 10 in Short Blades
  8963 | D:10     | Found a glowing golden altar of the Shining One.
  9367 | D:10     | Found an ornate altar of the Wu Jian Council.
  9797 | D:9      | Became a worshipper of Cheibriados the Contemplative
 10154 | D:11     | Noticed a two-headed ogre
 10174 | D:11     | Killed a two-headed ogre
 10175 | D:11     | Reached skill level 1 in Throwing
 10216 | D:11     | Noticed a six-headed hydra
 10232 | D:11     | HP: 3/109 [six-headed hydra (12)]
 10232 | D:11     | Slain by a six-headed hydra

Illustrated notes

Levels and vault maps discovered:
D:1:      lemuel_arrival_funnel, layout_basic
D:2:      layout_loops_cross, grunt_ministairs_2
D:3:      layout_basic, zin_purify, hellmonk_ecumenical_altar_watching_god,
          hangedman_decor_riveting, kennysheep_decorative_pillar,
          kennysheep_generic_room_12
D:4:      gammafunk_wand_slinger, layout_basic, sigmund_army, uniq_menkaure
D:5:      layout_rooms, vehumet_statue, mainiacjoe_overflow_brackets,
          serial_shops, nicolae_stop_n_shop_2, minivault_11, uniq_ijyb
D:6:      cheibrodos_quashed, layout_cave_pools, serial_shops,
          nicolae_shop_statue_plus, shop_fountains, nicolae_shop_hallway_plus
D:7:      layout_rooms, minmay_temple_entry_statues_pillars
D:8:      layout_basic, xom_teletrap_fun,
          chequers_temple_overflow_statue_of_worship, kennysheep_generic_room_15
D:9:      layout_roguey, nicolae_overflow_hidden_temple,
          mainiacjoe_overflow_six_doors_small, minmay_lair_entry_grove,
          minmay_orc_entry_temple_small, uniq_joseph
D:10:     layout_basic, old_standard_altar, tso_metal_star,
          ebering_ghost_funeral_grove, billiards_dpeg
D:11:     layout_loops_ring
Temple:   minmay_temple_bridge_abc

Skill      XL: |  1  2  3  4  5  6  7  8  9 10 11 |
---------------+----------------------------------+-----
Fighting       | 2 5 7 |  7.0
Short Blades   | 2 3 4 6 8 9 10 | 10.0
Shields        | 1 2 3 4 5 7 8 |  8.0
Evocations     | 1 2 3 4 |  4.2
Translocations | 4 |  4.0
Throwing       | 1 |  1.7
Dodging        | |  1.9
Spellcasting   | |  1.2

Action                   |  1- 3 |  4- 6 |  7- 9 | 10-12 || total
-------------------------+-------+-------+-------+-------++-------
Melee: Short sword       |    49 |       |       |       ||    49
       Dagger            |    85 |   205 |   463 |   664 ||  1417
Throw: Javelin           |       |       |       |    12 ||    12
       Boomerang         |       |       |       |     4 ||     4
 Cast: Blink             |       |       |     4 |     3 ||     7
Evoke: Wand              |       |       |    18 |     6 ||    24
  Use: Scroll            |       |     7 |     6 |     3 ||    16
       Potion            |       |       |     2 |     3 ||     5
 Stab: Invisible         |       |       |       |     1 ||     1
Armor: Robe              |    36 |    47 |    85 |    32 ||   200
       Skin              |       |       |       |    10 ||    10
       Troll leather arm |       |       |       |    61 ||    61
Dodge: Dodged            |    61 |    62 |   160 |   177 ||   460
Block: Kite shield       |       |       |    86 |   202 ||   288

Table legend: (Time is in decaauts)
 A = Elapsed time spent in this place.
 B = Non-inter-level travel time spent in this place.
 C = Inter-level travel time spent in this place.
 D = Time resting spent in this place.
 E = Time spent auto-exploring this place.
 F = Levels seen in this place.
 G = Mean time per level.
                   A        B        C        D        E       F      G
               +--------+--------+--------+--------+--------+-----+--------+
         Total |   9886 |   9124 |    762 |     40 |   6487 |  12 |  823.8 |
       Dungeon |   9646 |   8907 |    739 |     40 |   6275 |  11 |  876.9 |
        Temple |    240 |    217 |     23 |      0 |    212 |   1 |  240.0 |
               +--------+--------+--------+--------+--------+-----+--------+

Top non-repeatable levels by time:
     D:9: 1392 daAuts
    D:10: 1308 daAuts
     D:8: 1165 daAuts
     D:5: 1152 daAuts
     D:3: 904 daAuts
     D:7: 814 daAuts
     D:4: 750 daAuts
     D:2: 734 daAuts
     D:6: 664 daAuts
     D:1: 500 daAuts
    D:11: 259 daAuts
  Temple: 240 daAuts
